 Dungeon Crawl Stone Soup version 0.26-a0-259-g1effd001a9 (webtiles) character file.

Game seed: 17798410710392205093

1257 HoaS the Grappler (level 8, -13/52 HPs)
             Began as a Gargoyle Gladiator on July 24, 2020.
             Was a Follower of Makhleb.
             Splashed by Ijyb's acid (14 damage)
             ... in the Ecumenical Temple.
             The game lasted 00:16:07 (4655 turns).

HoaS the Grappler (Gargoyle Gladiator)              Turns: 4655, Time: 00:16:08

Health: -13/52     AC: 11    Str: 21    XL:     8   Next: 51%
Magic:  8/8        EV:  8    Int:  8    God:    Makhleb [*.....]
Gold:   236        SH:  0    Dex: 11    Spells: 7/7 levels left

rFire    . . .     SeeInvis .     - Unarmed
rCold    . . .     Faith    .   (no shield)
rNeg     + . .     Spirit   .   r - +0 chain mail
rPois    ∞         Reflect  .   b - +1 helmet
rElec    +         Harm     .   (no cloak)
rCorr    .                      (no gloves)
MR       .....                  (no boots)
Stlth    ..........             (no amulet)
HPRegen  0.17/turn              (no ring)
MPRegen  0.11/turn              (no ring)

@: corroded
A: negative energy resistance 1, electricity resistance, unbreathing,
petrification resistance, rot immunity, AC +5
a: Renounce Religion


You were in the Ecumenical Temple.
You worshipped Makhleb.
Makhleb was aware of your devotion.
You were not hungry.

You visited 2 branches of the dungeon, and saw 6 of its levels.
You also visited: Sewer.

You collected 236 gold pieces.

Inventory:

Missiles
 a - 30 poisoned darts
 c - 3 throwing nets (quivered)
 q - 7 boomerangs
Armour
 b - a +1 helmet (worn)
 r - a +0 chain mail (worn)
Scrolls
 l - a scroll of identify
 o - 2 scrolls of teleportation
Potions
 e - 2 potions of heal wounds {unknown}
 f - 2 potions of lignification
 g - 3 potions of ambrosia
 j - 2 potions of cancellation
 k - a potion of stabbing {unknown}
 m - 2 potions of flight
 n - a potion of magic {unknown}
 p - a potion of curing {unknown}
 s - a potion of invisibility {unknown}
 t - a potion of haste
Comestibles
 d - 14 rations


   Skills:
 + Level 6.6 Fighting
 - Level 1.7 Throwing
 - Level 2.4 Dodging
 * Level 8.8 Unarmed Combat


You had 7 spell levels left.
You didn't know any spells.
Your spell library contained the following spells:

 Spells                   Type           Power        Failure   Level
 Summon Small Mammal      Summ           #...         99%         1
 Call Imp                 Summ           #.......     100%        2
 Call Canine Familiar     Summ           #.......     100%        3
 Summon Guardian Golem    Hex/Summ       #.......     100%        3
 Summon Ice Beast         Ice/Summ       #.......     100%        4
 Summon Lightning Spire   Summ/Air       #.......     100%        4


Dungeon Overview and Level Annotations

Branches:
Dungeon (5/15)             Temple (1/1) D:5           Sewer (visited)

Altars:
Ashenzari
Cheibriados
Elyvilon
Fedhas
Gozag
Kikubaaqudgha
Makhleb
Nemelex Xobeh
Okawaru
Sif Muna
Trog
Vehumet
Wu Jian
Xom
Zin
The Shining One

Annotations:
D:4 2 transporters, Glokmah's ghost, amateur HuCj
Temple Ijyb


Innate Abilities, Weirdness & Mutations

You are resistant to torment.
Your stone body is resilient. (AC +5)
You are immune to poison.
You resist negative energy. (rN+)
You are resistant to electric shocks. (rElec)
You can survive without breathing.
You are immune to petrification.
You are immune to rotting.


Message History

Ijyb is almost dead.
Ijyb hits you but does no damage.
You hit Ijyb but do no damage.
Ijyb is almost dead.
Ijyb barely misses you.
You closely miss Ijyb.
Ijyb is almost dead.
You hit Ijyb but do no damage.
Ijyb is almost dead.
Ijyb hits you.
* * * LOW HITPOINT WARNING * * *
You closely miss Ijyb.
Ijyb is almost dead.
Ijyb hits you but does no damage.
You barely miss Ijyb.
Ijyb is almost dead.
Ijyb zaps a wand.
The bolt of acid hits you!
* * * LOW HITPOINT WARNING * * *
The acid corrodes you!
You are splashed with acid!
You die...

####### ######### #######
......### ###.......### ###......
_..._...###..._..._...###..._..._
.........#.............#.........
........###....[[.....###........
.._............)@)............_..
........###....)g.....###........
.........#.............#.........
_..._...###..._..._...###..._..._
......### ###.......### ###......
####### ######### #######


You could see Ijyb.

Vanquished Creatures
  An ice beast (Temple)
  An ogre (D:4)
  A necrophage (Temple)
  A gnoll sergeant (Temple)
  2 bullfrogs (Sewer)
  A howler monkey (D:4)
  A hound (D:3)
  4 orc priests
  5 orc wizards
  A worker ant (D:3)
  A hound skeleton (D:5)
  10 gnolls
  2 river rats (D:4)
  6 adders
  A white imp (Temple)
  9 oozes
  3 worms
  An adder skeleton (D:5)
  An adder zombie (D:5)
  3 dart slugs
  18 leopard geckos
  26 orcs
  20 giant cockroaches
  10 hobgoblins
  4 jackals (D:4)
  2 quokkas
  8 ball pythons
  A ball python skeleton (D:5)
  6 bats
  15 frilled lizards
  A giant cockroach zombie (D:5)
  4 goblins
  2 jackal skeletons (D:4)
  3 kobolds
  9 rats
184 creatures vanquished.

Notes
Turn   | Place    | Note
-------+----------+-------------------------------------------
     0 | D:1      | HoaS the Gargoyle Gladiator began the quest for the Orb.
     0 | D:1      | Reached XP level 1. HP: 12/12 MP: 1/1
   232 | D:1      | Reached XP level 2. HP: 14/18 MP: 2/2
   847 | D:2      | Reached XP level 3. HP: 22/22 MP: 3/3
   878 | D:2      | Reached skill level 4 in Unarmed Combat
  1093 | D:2      | Reached XP level 4. HP: 26/28 MP: 4/4
  1709 | D:3      | Reached XP level 5. HP: 32/32 MP: 5/5
  1735 | D:3      | Reached skill level 5 in Unarmed Combat
  2006 | D:3      | Reached XP level 6. HP: 26/38 MP: 6/6
  2508 | D:4      | Found a transporter.
  2594 | D:4      | Reached skill level 6 in Unarmed Combat
  3020 | D:4      | Found a glowing drain.
  3028 | D:4      | Reached XP level 7. HP: 30/44 MP: 7/7
  3037 | Sewer    | Entered a sewer
  3266 | Sewer    | Reached skill level 5 in Fighting
  3471 | Sewer    | Reached skill level 7 in Unarmed Combat
  3691 | D:4      | Noticed Glokmah's ghost (amateur HuCj)
  3728 | D:4      | Found a glowing silver altar of Zin.
  3729 | D:4      | Found an opulent altar of Gozag.
  3769 | D:4      | Found a transporter.
  3960 | D:5      | Entered Level 5 of the Dungeon
  4053 | D:5      | Found a staircase to the Ecumenical Temple.
  4060 | Temple   | Entered the Ecumenical Temple
  4124 | Temple   | Became a worshipper of Makhleb the Destroyer
  4143 | Temple   | Reached XP level 8. HP: 42/51 MP: 8/8
  4243 | Temple   | Reached skill level 8 in Unarmed Combat
  4612 | Temple   | Reached * piety under Makhleb
  4636 | D:5      | Noticed Ijyb
  4655 | Temple   | HP: 1/52 [Ijyb/bolt of acid (10)]
  4655 | Temple   | Splashed by Ijyb's acid

Illustrated notes

Levels and vault maps discovered:
D:1:      evilmike_arrival_rings, layout_loops_ring
D:2:      layout_loops_ring, first_ration, corexii_leaking_fountain, hex_tiny
D:3:      layout_loops_ring
D:4:      layout_loops_cross, grunt_temple_overflow_gold_and_silver,
          portal_sewer_entry_e, gammafunk_ghost_mausoleum
D:5:      layout_gridville, eat_drink_and_be_merry_uskayaw,
          minmay_temple_entry_mist, minmay_misc_feat_roman,
          minmay_misc_feat_nine_boxes, uniq_ijyb
Temple:   zaba_magenta_temple

Skill      XL: |  1  2  3  4  5  6  7  8 |
---------------+-------------------------+-----
Unarmed Combat | 4 5 6 7 8 |  8.8
Fighting       | 3 4 5 6 |  6.6
Throwing       | |  1.7
Dodging        | |  2.4

Action                   |  1- 3 |  4- 6 |  7- 9 || total
-------------------------+-------+-------+-------++-------
Melee: Unarmed           |    70 |   314 |   421 ||   805
       Punch             |     2 |     7 |     7 ||    16
Throw: Throwing net      |       |       |     1 ||     1
  Use: Scroll            |     6 |     4 |     5 ||    15
  Eat: Ration            |       |     2 |     2 ||     4
Armor: Leather armour    |     3 |       |       ||     3
       Ring mail         |    28 |   118 |    99 ||   245
       Chain mail        |       |       |   192 ||   192
Dodge: Dodged            |    46 |   149 |   227 ||   422

Table legend:
 A = Non-vault XP
 B = Vault XP
 C = Vault XP percentage of total XP
 D = Non-vault monster count
 E = Vault monster count
 F = Vault count percentage of total count
                 A         B        C        D         E       F
            +---------+---------+-------+---------+---------+-------
      Total |    1404 |     392 |  21.8 |     121 |      63 |  34.2
            +---------+---------+-------+---------+---------+-------
        D:1 |      28 |       0 |   0.0 |      15 |       0 |   0.0
        D:2 |      80 |       0 |   0.0 |      18 |       0 |   0.0
        D:3 |     270 |       0 |   0.0 |      33 |       0 |   0.0
        D:4 |     404 |      40 |   9.0 |      27 |       8 |  22.9
        D:5 |      84 |       0 |   0.0 |      10 |       0 |   0.0
     Temple |     538 |       0 |   0.0 |      18 |       0 |   0.0
      Sewer |       0 |     352 | 100.0 |       0 |      55 | 100.0
            +---------+---------+-------+---------+---------+-------
